 Dungeon Crawl Stone Soup version 0.18.1-6-gd335043 (webtiles) character file.

23 namelastname112 the Caller (level 2, 0/23 HPs)
             Began as a Draconian Summoner on May 19, 2016.
             Slain by Natasha (7 damage)
             ... on level 2 of the Dungeon.
             The game lasted 00:01:47 (746 turns).

namelastname112 the Caller (Draconian Summoner)      Turns: 746, Time: 00:01:48

Health: 0/23       AC:  7    Str: 10    XL:     2   Next: 72%
Magic:  2/5        EV: 12    Int: 15    God:
Gold:   28         SH:  0    Dex: 11    Spells: 2 memorised, 2 levels left

rFire  . . .     SeeInvis .     g - +0 short sword
rCold  . . .     Gourm    .     (armour unavailable)
rNeg   . . .     Faith    .     (no shield)
rPois  .         Spirit   .     (helmet restricted)
rElec  .         Dismiss  .     (no cloak)
rCorr  .         Reflect  .     l - +2 pair of gloves
SustAt .         Harm     .     (no boots)
MR     .....                    (no amulet)
Stlth  ++........               (no ring)
                                (no ring)

@: not resistant to hostile enchantments, unstealthy
A: unfitting armour, cold-blooded, AC +4
a: no special abilities


You were on level 2 of the Dungeon.
You were not hungry.

You visited 1 branch of the dungeon, and saw 2 of its levels.

You collected 28 gold pieces.

Inventory:

Hand Weapons
 g - a +0 short sword (weapon)
Armour
 l - a +2 pair of gloves (worn)
Scrolls
 c - 2 scrolls of teleportation {unknown}
 d - 2 scrolls of blinking {unknown}
 f - a scroll of magic mapping {unknown}
 h - 2 scrolls of noise {unknown}
 i - a scroll of amnesia {unknown}
Potions
 e - 3 potions of degeneration {unknown}
 k - a potion of brilliance {unknown}
Books
 a - a book of Callings

   Spells                             Type                      Level
   a - Summon Small Mammal            Summoning                    1
   b - Call Imp                       Summoning                    2
   c - Call Canine Familiar           Summoning                    3
   d - Summon Guardian Golem          Hexes/Summoning              3
   e - Summon Lightning Spire         Summoning/Air                4
   f - Summon Ice Beast               Ice/Summoning                4
Comestibles
 b - 2 bread rations
 j - 3 chunks of flesh


   Skills:
 + Level 1.0 Fighting
 + Level 2.1 Dodging
 - Level 1.7 Stealth
 + Level 2.1 Spellcasting
 * Level 4.3 Summonings


You had 2 spell levels left.
You knew the following spells:

 Your Spells              Type           Power        Failure   Level  Hunger
a - Call Imp              Summ           ##......     8%          2    ###....
z - Summon Small Mammal   Summ           ##..         4%          1    #......


Dungeon Overview and Level Annotations

Branches:
Dungeon (2/15)

Altars:
Makhleb

Annotations:
D:2 Natasha


Innate Abilities, Weirdness & Mutations

Your plain brown scales are hard (AC +4).
Your body does not fit into most forms of armour.
You are cold-blooded and may be slowed by cold attacks.


Message History

You barely miss Natasha. You tail-slap Natasha.
Natasha is severely wounded.
Natasha stares at you and mumbles some strange words.
The magic dart hits you!
Your crimson imp closely misses Natasha.
The crimson imp misses your crimson imp.
Natasha claws you but does no damage.
Your crimson imp blinks!
You take 2 damage, and have 10/23 hp.
You completely miss Natasha.
Natasha is severely wounded.
Natasha misses you.
Your crimson imp barely misses Natasha.
Natasha claws you but does no damage.
Your crimson imp barely misses Natasha.
Your crimson imp hits the crimson imp but does no damage.
Natasha claws you.
Your crimson imp blinks!
Your crimson imp hits the crimson imp but does no damage.
Natasha claws you!
You die...

...#.#......#.###### .
...#.#........#....###...
...#.#.####.###..........
...#.#......###....#####.
#..................#
#.#...........5..5.#
#...........#.....ยง#
###<........#..5h5.#
.............#.#@##.#
######.........#.# .#
#.........#.# .#
#.........#.# 5#
#.........#.#
#.........#.# .... #.#
#.#


You could see Natasha, a crimson imp, a shadow imp and 2 friendly crimson imps.

Vanquished Creatures
  An adder zombie (D:1)
  3 bats (D:1)
  A giant newt (D:1)
  A jackal zombie (D:1)
  2 kobolds (D:1)
  4 rats (D:1)
12 creatures vanquished.

Vanquished Creatures (collateral kills)
  An adder (D:2)
  A goblin (D:2)
2 creatures vanquished.

Grand Total: 14 creatures vanquished

Notes
Turn   | Place    | Note
--------------------------------------------------------------
     0 | D:1      | namelastname112 the Draconian Summoner began the quest for the Orb.
     0 | D:1      | Reached XP level 1. HP: 14/14 MP: 3/3
   243 | D:1      | Reached XP level 2. HP: 17/22 MP: 5/5
   247 | D:1      | Learned a level 2 spell: Call Imp
   623 | D:2      | Reached skill level 1 in Fighting
   639 | D:2      | Found a burning altar of Makhleb.
   675 | D:2      | Noticed Natasha
   736 | D:2      | Noticed a crimson imp
   746 | D:2      | Slain by Natasha

Skill      XL: |  1  2 |
---------------+-------+-----
Dodging        | 2 |  2.1
Fighting       | 1 |  1.0
Stealth        | |  1.7
Spellcasting   | |  2.1
Summonings     | |  4.3

Action                   || total
-------------------------++-------
Melee: Unarmed           ||    14
       Short sword       ||    45
       Tailslap          ||     7
 Cast: Summon Small Mamm ||     4
       Call Imp          ||     4
 Stab: Distracted        ||     1
       Sleeping          ||     1
Armor: Skin              ||    33
Dodge: Dodged            ||    46
